 Dungeon Crawl Stone Soup version 0.30.1-4-g462c640d31 (webtiles) character file.

Game seed: 11361654167911895293

7841 Babbit the Cleaver (level 11, -12/97 HPs)
             Began as a Minotaur Fighter on Aug 13, 2023.
             Was a High Priest of Okawaru.
             Collided with a rock wall (19 damage)
             ... caused by Erica
             ... on level 10 of the Dungeon.
             The game lasted 00:29:54 (8018 turns).

Babbit the Cleaver (Minotaur Fighter)               Turns: 8018, Time: 00:29:56

Health: -12/97     AC: 14    Str: 25    XL:     11   Next: 2%
Magic:  10/10      EV: 16    Int:  5    God:    Okawaru [*****.]
Gold:   421        SH:  5    Dex: 10    Spells: 10/10 levels left

rFire   + . .        a - +0 war axe (flame)
rCold   . . .        c - +0 buckler
rNeg    . . .        b - +0 scale mail
rPois   .            (helmet restricted)
rElec   .            I - +0 cloak
rCorr   .            t - +0 pair of gloves
SInv    .            y - +2 pair of boots
Will    .....        (no amulet) Stlth
                     w - +5 ring of evasion
HPRegen 0.36/turn    k - ring of protection from fire
MPRegen 0.12/turn

%: no passive effects
@: slowed, very slow
A: horns 2, retaliatory headbutt
a: Renounce Religion, Heroism, Finesse, Duel


You were on level 10 of the Dungeon.
You worshipped Okawaru.
Okawaru was extremely pleased with you.
You visited 2 branches of the dungeon, and saw 11 of its levels.

You collected 652 gold pieces.
You spent 231 gold pieces at shops.

Inventory:

Hand Weapons
 a - a +0 war axe of flaming (weapon)
Missiles
 A - 5 boomerangs (quivered)
Armour
 b - a +0 scale mail (worn)
 c - a +0 buckler (worn)
 t - a +0 pair of gloves (worn)
 v - a scarf of resistance
 y - a +2 pair of boots (worn)
 I - a +0 cloak (worn)
Jewellery
 i - a +6 ring of dexterity
 k - a ring of protection from fire (right hand)
 w - a +5 ring of evasion (left hand)
 x - an amulet of faith
Wands
 s - a wand of flame (13)
 H - a wand of paralysis (8)
 J - a wand of digging (5)
 L - a wand of mindburst (7)
 N - a wand of roots (3)
Scrolls
 e - 2 scrolls of identify
 f - a scroll of enchant armour {unknown}
 h - a scroll of fog
 m - a scroll of amnesia
 n - 2 scrolls of brand weapon
 o - 2 scrolls of teleportation
 q - a scroll of fear {unknown}
 D - 2 scrolls of magic mapping
 K - a scroll of enchant weapon {unknown}
Potions
 d - a potion of might
 g - 2 potions of flight
 j - a potion of brilliance {unknown}
 l - a potion of cancellation
 p - a potion of lignification {unknown}
 r - a potion of invisibility {unknown}
 u - 2 potions of curing
 z - 2 potions of haste {unknown}
 B - a potion of heal wounds {unknown}
 C - a potion of attraction {unknown}
 F - a potion of resistance {unknown}
 G - 2 potions of mutation
Miscellaneous
 M - a lightning rod (4/4)


   Skills:
 + Level 9.3 Fighting
 + Level 13.6 Axes
 + Level 0.9 Throwing
 + Level 9.4 Armour
 + Level 4.3 Dodging
 + Level 1.0 Stealth
 + Level 7.2 Shields
 + Level 2.4 Evocations


You had 10 spell levels left.
You didn't know any spells.
Your spell library contained the following spells:

 Spells                   Type           Power      Damage    Failure   Level
 Sandblast                Erth           0%         2d4       78%         1
 Blink                    Tloc           0%         N/A       89%         2
 Lesser Beckoning         Tloc           0%         N/A       89%         2
 Momentum Strike          Conj/Tloc      0%         3d8       89%         2
 Passwall                 Tmut/Erth      0%         N/A       89%         2
 Stone Arrow              Conj/Erth      0%         3d7       98%         3
 Passage of Golubria      Tloc           0%         N/A       100%        4
 Yara's Violent Unravell  Hex/Tmut       0%         3d3       100%        5
 Tukima's Dance           Hex            Unusable   N/A       N/A         3

Dungeon Overview and Level Annotations

Branches:
Dungeon (10/15)            Temple (1/1) D:4            Lair (0/5) D:8
    Orc (0/2) D:10

Altars:
Ashenzari
Cheibriados
Dithmenos
Elyvilon
Gozag
Hepliaklqana
Kikubaaqudgha
Okawaru
Qazlal
Sif Muna
Vehumet
Wu Jian
Xom
Yredelemnul
Zin
The Shining One

Shops:
D:2 ?   D:6 [

Annotations:
D:10 Erica


Innate Abilities, Weirdness & Mutations

You have a pair of horns on your head.
You reflexively headbutt those who attack you in melee.


Message History

You feel very sick.
You hear some strange, mumbled words.
You are confused.
You feel very sick.
You hear some strange, mumbled words.
Something tries to affect you, but you resist.
You hear a zap.
Something tries to affect you, but you resist.
Something hits you but does no damage.
You closely miss something. Your headbutt misses something.
You feel sick. Something hits you but does no damage.
You closely miss something.
You feel sick. Something barely misses you. Something hits you.
You feel less confused.
You feel sick.
You feel as though you will be slow longer. x2
You feel sick.
You are no longer poisoned.
You hear some strange, mumbled words.
A lance of force appears from out of thin air!
The lance of force misses you.
You hear some strange, mumbled words.
A lance of force appears from out of thin air!
The lance of force hits you!
You are knocked back by the lance of force.
You slam into the rock wall!
You hit something. You burn something. Your headbutt misses something.
Something hits you.
You miss something. Your headbutt misses something. Something hits you. x2
* * * LOW HITPOINT WARNING * * *
Something burns you.
* * * LOW HITPOINT WARNING * * *
You closely miss something.
You hear some strange, mumbled words.
A lance of force appears from out of thin air!
The lance of force hits you!!
* * * LOW HITPOINT WARNING * * *
You are knocked back by the lance of force.
You slam into the rock wall!
You die...

........................
..........................
###.(.......................
##...........................
......(#.....#######.........
.......#.....# #.........
.......#.~⌠~.# #.........
.........~~~.# #.........
...###...{.@# #.....##
##..).## #...))# #.....#
#.....# #.....# #.....#
#.....#


There were no monsters in sight!

Vanquished Creatures
  Maurice (D:8)
  3 komodo dragons
  3 trolls
  16 yaks
  A wraith (D:9)
  2 wyverns (D:8)
  An acid dragon (D:9)
  A water moccasin (D:8)
  2 orc warriors
  A sky beast (D:7)
  5 ice beasts
  A swamp drake (D:8)
  2 ogres
  A centaur (D:9)
  A phantom (D:5)
  4 kobold brigands
  7 bullfrogs
  2 scorpions
  4 wights (D:7)
  4 hounds
  A jelly (D:7)
  5 orc priests
  A gnoll bouda (D:9)
  Natasha (thrice) (D:3)
  5 orc wizards
  5 iguanas
  A howler monkey zombie (D:3)
  9 gnolls
  12 adders
  A shadow imp (D:7)
  5 white imps
  2 ufetubi
  A dart slug (D:1)
  3 worms
  20 orcs
  5 bats
  5 endoplasms
  2 giant cockroaches (D:4)
  9 goblins
  9 hobgoblins
  5 jackals
  4 quokkas
  9 ball pythons
  6 frilled lizards
  20 kobolds
  A quokka zombie (D:3)
  6 rats
217 creatures vanquished.

Notes
Turn   | Place    | Note
-------+----------+-------------------------------------------
     0 | D:1      | Babbit the Minotaur Fighter began the quest for the Orb.
     0 | D:1      | Reached XP level 1. HP: 19/19 MP: 0/0
   310 | D:1      | Reached XP level 2. HP: 27/27 MP: 1/1
   565 | D:1      | You fall into a shaft and drop 1 floor!
   628 | D:2      | Reached XP level 3. HP: 33/33 MP: 2/2
   649 | D:2      | Found Tesiush's Magic Scroll Shop.
   652 | D:2      | Reached skill level 3 in Axes
   754 | D:2      | Found a faded altar of an unknown god.
  1064 | D:2      | Reached XP level 4. HP: 32/40 MP: 3/3
  1227 | D:3      | Noticed Natasha
  1235 | D:3      | Killed Natasha
  1236 | D:3      | Reached skill level 4 in Axes
  1466 | D:3      | Found a stormy altar of Qazlal.
  1500 | D:3      | Found a basalt altar of Yredelemnul.
  1543 | D:3      | Found a hazy altar of Hepliaklqana.
  1709 | D:3      | Noticed Natasha
  1717 | D:3      | Killed Natasha
  1718 | D:3      | Reached XP level 5. HP: 38/47 MP: 4/4
  1854 | D:3      | Noticed Natasha
  1861 | D:3      | Killed Natasha
  2071 | D:4      | Reached skill level 5 in Axes
  2097 | D:4      | Reached XP level 6. HP: 53/53 MP: 5/5
  2165 | D:4      | Reached skill level 5 in Armour
  2214 | D:4      | Reached skill level 6 in Axes
  2385 | D:4      | Found a staircase to the Ecumenical Temple.
  2402 | Temple   | Entered the Ecumenical Temple
  2410 | Temple   | Became a worshipper of Warmaster Okawaru
  2442 | D:4      | Noticed an ice beast
  2452 | D:4      | Killed an ice beast
  2453 | D:4      | Reached skill level 1 in Dodging
  2453 | D:4      | Reached XP level 7. HP: 43/60 MP: 6/6
  2540 | D:4      | Found a white marble altar of Elyvilon.
  2603 | D:4      | Reached skill level 5 in Shields
  2978 | D:5      | Entered Level 5 of the Dungeon
  3060 | D:5      | Reached skill level 5 in Fighting
  3060 | D:5      | Reached skill level 7 in Axes
  3670 | D:5      | Reached * piety under Okawaru
  3867 | D:6      | Reached skill level 8 in Axes
  3874 | D:6      | Found Kihaopuomn's Armour Shoppe.
  3891 | D:6      | Bought a +2 pair of boots for 231 gold pieces
  3969 | D:6      | Reached XP level 8. HP: 68/68 MP: 7/7
  4081 | D:6      | Reached skill level 9 in Axes
  4081 | D:6      | Reached skill level 1 in Evocations
  4189 | D:6      | Reached ** piety under Okawaru
  4199 | D:6      | Reached skill level 10 in Axes
  4199 | D:6      | Reached XP level 9. HP: 63/78 MP: 8/8
  4372 | D:6      | Found a snail-covered altar of Cheibriados.
  4785 | D:7      | Reached *** piety under Okawaru
  4934 | D:7      | Reached skill level 11 in Axes
  5405 | D:8      | Received a gift from Okawaru
  5585 | D:8      | Reached XP level 10. HP: 78/86 MP: 9/9
  5643 | D:8      | Reached skill level 12 in Axes
  5656 | D:8      | Noticed Maurice
  5667 | D:8      | Killed Maurice
  5667 | D:8      | Reached **** piety under Okawaru
  5763 | D:8      | Found a glowing silver altar of Zin.
  6222 | D:8      | Found a staircase to the Lair.
  6484 | D:9      | Reached skill level 1 in Stealth
  6518 | D:9      | Found a broken altar of Ashenzari.
  6522 | D:9      | Saw a vision of the Shoals and the Snake Pit.
  6522 | D:9      | Noticed a manticore
  6522 | D:9      | Noticed a merfolk impaler
  6522 | D:9      | Noticed a mana viper
  6522 | D:9      | Noticed a naga warrior
  6522 | D:9      | Noticed a naga warrior
  6522 | D:9      | Noticed a skyshark
  6522 | D:9      | Noticed a naga warrior
  6522 | D:9      | Noticed a sea snake
  6522 | D:9      | Noticed a black mamba
  6523 | D:9      | Noticed a merfolk aquamancer
  6523 | D:9      | Noticed a naga warrior
  6524 | D:9      | Noticed an anaconda
  6578 | D:9      | Found a shadowy altar of Dithmenos.
  6836 | D:9      | Reached skill level 13 in Axes
  6837 | D:9      | Reached ***** piety under Okawaru
  7402 | D:10     | Entered Level 10 of the Dungeon
  7664 | D:10     | Found a staircase to the Orcish Mines.
  7766 | D:10     | Reached XP level 11. HP: 63/97 MP: 10/10
  7991 | D:10     | Noticed Erica
  8018 | D:10     | Collided with a rock wall

Illustrated notes

Levels and vault maps discovered:
D:1:      amcnicky_arrival_feature_with_door, layout_basic,
          grunt_decor_resistance
D:2:      minmay_diamond_boxcup, layout_rooms, serial_shops, shop,
          chequers_ecumenical_altar_simple
D:3:      layout_basic, nicolae_hepliaklqana_hazy_memory,
          mainiacjoe_overflow_small_starburst, lemuel_zombie_altar_yredelemnul,
          uniq_natasha
D:4:      cheibrodos_greedy_goblins, layout_cave_pools,
          mainiacjoe_overflow_paths, minmay_temple_entry_grid, st_stairs_6,
          minmay_mini_jars
D:5:      layout_loops_corners
D:6:      layout_basic, chei_slow_surprise, serial_shops,
          nicolae_shop_window_shopping, chequers_serial_rivers_room_b, hex_large
D:7:      layout_basic
D:8:      layout_rooms, lemuel_coloured_pillars_altar, erik_lair_dragon,
          kennysheep_generic_room_8, uniq_maurice
D:9:      layout_basic, grunt_dithmenos_smoke_and_mirrors,
          grunt_ashenzari_visionary [grunt_ashenzari_visionary_shoals,
          grunt_ashenzari_visionary_snake]
D:10:     layout_basic, orc_0_dummy, corexii_leaking_fountain, uniq_erica
Temple:   eino_temple_lava

Skill      XL: |  1  2  3  4  5  6  7  8  9 10 |
---------------+-------------------------------+-----
Fighting       | 4 5 6 7 9 |  9.3
Armour         | 4 5 6 7 8 9 |  9.4
Shields        | 4 5 6 7 |  7.2
Axes           | 3 4 5 6 8 10 11 13 | 13.6
Dodging        | 1 2 3 4 |  4.3
Evocations     | 1 2 |  2.4
Stealth        | 1 |  1.0
Throwing       | |  0.9

Action                     |  1- 3 |  4- 6 |  7- 9 | 10-12 || total
---------------------------+-------+-------+-------+-------++-------
  Melee: War axe           |    82 |    82 |   212 |   174 ||   550
         Headbutt          |     7 |    10 |    48 |    35 ||   100
  Throw: Dart              |       |       |     2 |     5 ||     7
         Boomerang         |       |       |       |     1 ||     1
 Invoke: Heroism           |       |       |       |     1 ||     1
  Evoke: Wand              |       |       |    14 |       ||    14
    Use: Scroll            |     1 |     1 |     5 |     3 ||    10
         Potion            |       |       |       |     1 ||     1
 Armour: Scale mail        |    37 |    34 |    40 |    49 ||   160
  Dodge: Dodged            |    45 |    26 |   100 |   102 ||   273
  Block: Buckler           |    20 |    19 |    50 |    28 ||   117
